Map: Orbital Shipyard

Players

xKawaiian

  • Race: Terran Terran
  • League: Master

Martingale

  • Race: Terran Terran
  • League: Silver

Schnitzel

  • Race: Terran Terran
  • League: Grandmaster

IIllIIIIIIIl

  • Race: Terran Terran

VOD

Have the link to the VOD?

Description

Time

  • Played on: Jan. 12, 2016, 11:02 p.m.
  • Length: 3:40
Show
View Real Time Build Order
Export as new Build Order

xKawaiian Terran 

Build Orders: 1/1/1, Cyclone Opening 

Get SALT Encoding   

  12  0:00  SCV  
  13  0:12  SCV  
  14  0:17  Supply Depot  
  14  0:25  SCV  
  15  0:39  SCV  
  15  0:40  Barracks  
  16  0:46  Refinery  
  16  0:51  SCV  
  16  0:53  Refinery  
  17  1:03  SCV  
  18  1:15  SCV  
  19  1:28  Marine  
  19  1:31  Orbital Command  
  20  1:37  Factory  
  20  1:45  Supply Depot  
  20  1:49  Marine  
  21  1:58  SCV  
  22  2:07  Marine  
  23  2:10  SCV  
  24  2:22  Factory Tech Lab  
  24  2:23  Starport  
  24  2:24  SCV, Marine  
  26  2:35  Supply Depot  
  26  2:36  SCV  
  27  2:42  Marine  
  28  2:45  Cyclone  
  31  2:53  SCV  
  31  2:57  Supply Depot  
  31  2:59  Medivac  
  31  3:03  Marine  
  34  3:09  SCV  
  35  3:14  Supply Depot  
  35  3:21  SCV  
Show
View Real Time Build Order
Export as new Build Order

Martingale Terran 

Build Orders:  

Get SALT Encoding   

  12  0:01  SCV  
  13  0:13  Supply Depot  
  13  0:23  Refinery  
  13  0:43  Barracks  
  13  0:53  SCV  
  14  1:05  SCV  
  14  1:09  Barracks  
  15  1:37  Orbital Command  
  15  1:52  Barracks  
  15  2:03  Refinery, Barracks  
  15  2:04  Reaper  
  16  2:38  Reaper  
  17  2:48  Reaper  
  18  2:53  Barracks x2  
  18  2:54  Reaper  
Show
View Real Time Build Order
Export as new Build Order

Schnitzel Terran 

Build Orders:  

Get SALT Encoding   

Show
View Real Time Build Order
Export as new Build Order

IIllIIIIIIIl Terran 

Build Orders:  

Get SALT Encoding   

Tags
 
Add a new tag
Caveats
  • Supply blocks, unpowered buildings, or Contaminate may cause inaccurate times.
  • Supply counts are checked every 10 seconds.